 Dungeon Crawl Stone Soup version 0.23.1 (webtiles) character file.

Game seed: 9825058039864186365

91 Monsterracer the Chopper (level 4, -1/35 HPs)
             Began as a Demonspawn Gladiator on Mar 8, 2019.
             Slain by a centaur
             ... wielding a +0 trident
              (6 damage)
             ... on level 3 of the Dungeon.
             The game lasted 00:01:27 (1190 turns).

Monsterracer the Chopper (Demonspawn Gladiator)     Turns: 1190, Time: 00:01:28

Health: -1/35      AC:  9    Str: 15    XL:     4   Next: 33%
Magic:  4/4        EV:  7    Int:  9    God:
Gold:   79         SH:  0    Dex: 15    Spells: 3/3 levels left

rFire    . . .     SeeInvis .   a - +0 war axe
rCold    + . .     Gourm    .   (no shield)
rNeg     . . .     Faith    .   n - +0 chain mail
rPois    .         Spirit   .   f - +0 helmet
rElec    .         Reflect  .   (no cloak)
rCorr    .         Harm     .   (no gloves)
MR       .....     Rnd*Tele +   (no boots)
Stlth    ..........             (no amulet)
HPRegen  0.11/turn              b - ring of teleportation (curse)
MPRegen  0.09/turn              (no ring)

@: no status effects
A: cold resistance 1
a: no special abilities


You were on level 3 of the Dungeon.
You were not hungry.

You visited 1 branch of the dungeon, and saw 3 of its levels.

You collected 79 gold pieces.


Innate Abilities, Weirdness & Mutations

Your flesh is cold resistant. (rC+)


   Skills:
 + Level 3.1 Fighting
 * Level 4.1 Axes
 - Level 1.7 Throwing
 - Level 2.6 Dodging


You had 3 spell levels left.
You didn't know any spells.
Your spell library was empty.

Inventory:

Hand Weapons
 a - a +0 war axe (weapon)
Missiles
 d - 3 throwing nets (quivered) {!f}
Armour
 f - a +0 helmet (worn)
 n - a +0 chain mail (worn)
   (You found it on level 3 of the Dungeon)
Jewellery
 b - a cursed ring of teleportation (left hand)
   (You found it on level 1 of the Dungeon)
Wands
 k - a wand of paralysis (6)
   (You found it on level 2 of the Dungeon)
Scrolls
 e - 3 scrolls of blinking {unknown}
 g - a scroll of remove curse {unknown}
 i - 2 scrolls of identify {unknown}
 m - a scroll of magic mapping {unknown}
Potions
 j - 3 potions of heal wounds {unknown}
Comestibles
 c - 2 rations
 l - a chunk of flesh

Dungeon Overview and Level Annotations

Branches:
Dungeon (3/15)

Altars:

#..# #..#
#... #..#
#..# #..#
#c.# .
#w@####..
#.........
#.........
#..#######
#........
#).######
#. #... #.
##.## #.
#.# #.


You could see a centaur and a worm.


Message History

Items here: ))))) [ ††† You feel sick.
You are no longer poisoned.
The bat barely misses you.
Things that are here:
a +0 ring mail; a rat corpse You take 1 damage, and have 17/35 hp.
The bat hits you.
* * * LOW HITPOINT WARNING * * *
Items here: ))))) [ ††† You closely miss the bat.
The bat hits you but does no damage. (m)acro, (M)acro raw, keymap [(k) default, (x) level-map, (t)argeting, (c)onfirm, m(e)nu], (s)ave?
Input macro trigger key: r Input macro action: p Created macro 'r' => 'p'. (m)acro, (M)acro raw, keymap [(k) default, (x) level-map, (t)argeting, (c)onfirm, m(e)nu], (s)ave?
Input macro trigger key: q Input macro action: p Created macro 'q' => 'p'.
You swing at nothing.
The bat hits you but does no damage.
You swing at nothing.
The bat hits you but does no damage.
You swing at nothing.
The bat barely misses you.
Your chain mail prevents you from hitting the bat.
The bat barely misses you. The bat hits you but does no damage. x2
Your chain mail prevents you from hitting the bat.
The bat closely misses you.
You swing at nothing.
The bat closely misses you.
You swing at nothing.
The bat hits you.
* * * LOW HITPOINT WARNING * * *
The bat barely misses you.
You take 1 damage, and have 17/35 hp.
The bat barely misses you.
Items here: ))))) [ †††
Items here: ))))) [ ††† The bat hits you but does no damage.
There is an escape hatch in the ceiling here.
The bat hits you but does no damage.
Your chain mail prevents you from hitting the bat.
The bat barely misses you. The bat hits you but does no damage.
The bat hits you.
* * * LOW HITPOINT WARNING * * *
You take 1 damage, and have 17/35 hp.
Unknown command.
You hit the bat.
You kill the bat!
You start resting.
You feel strangely unstable.
You are suddenly yanked towards a nearby monster!
Your surroundings suddenly seem different.
A worm comes into view.
Found a whip.
Unknown command.
You hit the worm.
The worm is lightly wounded.
The worm bites you.
* * * LOW HITPOINT WARNING * * *
You take 1 damage, and have 17/35 hp.
You hit the worm.
The worm is moderately wounded.
The worm barely misses you.
Unknown command.
Your chain mail prevents you from hitting the worm.
The worm is moderately wounded.
A centaur comes into view. It is wielding a +0 trident.
The centaur shouts!
You slash the worm!
The worm is almost dead.
The worm bites you but does no damage.
Unknown command.
You completely miss the worm.
The worm is almost dead.
The worm barely misses you.
Your chain mail prevents you from hitting the worm.
The worm is severely wounded.
The centaur hits you from afar with a +0 trident!
* * * LOW HITPOINT WARNING * * *
The centaur hits you but does no damage.
The worm barely misses you.
You take 7 damage, and have 11/35 hp.
Unknown command.
The centaur hits you with a +0 trident.
* * * LOW HITPOINT WARNING * * *
You take 5 damage, and have 6/35 hp.
Unknown command.
You hit the worm.
The worm is severely wounded.
You hit the centaur.
The centaur hits you but does no damage.
The centaur closely misses you. The worm bites you but does no damage.
You completely miss the worm.
The worm is severely wounded.
You hit the centaur. The centaur hits you with a +0 trident.
* * * LOW HITPOINT WARNING * * *
The worm bites you but does no damage. The centaur barely misses you.
You take 1 damage, and have 5/35 hp.
Unknown command.
You hit the worm.
The worm is severely wounded.
You hit the centaur. The centaur hits you with a +0 trident.
You die...

Skill      XL: |  1  2  3  4 |
---------------+-------------+-----
Axes           | 3 4 |  4.1
Fighting       | 3 |  3.1
Throwing       | |  1.7
Dodging        | |  2.6

Action                   |  1- 3 |  4- 6 || total
-------------------------+-------+-------++-------
Melee: War axe           |    83 |    31 ||   114
  Eat: Chunk             |     1 |       ||     1
Armor: Ring mail         |    25 |       ||    25
       Chain mail        |       |    28 ||    28
Dodge: Dodged            |    50 |    21 ||    71

Levels and vault maps discovered:
D:1:      minmay_arrival_plants_in_alcoves, layout_basic
D:2:      layout_rooms
D:3:      layout_loops_ring, lemuel_doored_altar, uniq_crazy_yiuf_cottage,
          uniq_grinder

Notes
Turn   | Place    | Note
-------+----------+-------------------------------------------
     0 | D:1      | Monsterracer the Demonspawn Gladiator began the quest for
                  | the Orb.
     0 | D:1      | Reached XP level 1. HP: 16/16 MP: 1/1
    49 | D:1      | Reached skill level 3 in Axes
    49 | D:1      | Gained mutation: Your flesh is cold resistant. (rC+)
                  | [demonic ancestry]
    49 | D:1      | Reached XP level 2. HP: 22/22 MP: 2/2
   766 | D:2      | Reached XP level 3. HP: 25/28 MP: 3/3
   845 | D:3      | HP: 11/28 [adder (4)]
  1129 | D:3      | Reached skill level 4 in Axes
  1131 | D:3      | Reached XP level 4. HP: 28/34 MP: 4/4
  1152 | D:3      | HP: 17/35 [poisoned by an adder]
  1162 | D:3      | HP: 17/35 [bat (1)]
  1171 | D:3      | HP: 17/35 [bat (1)]
  1181 | D:3      | HP: 17/35 [worm (1)]
  1183 | D:3      | Noticed a centaur
  1186 | D:3      | HP: 11/35 [centaur/+0 trident (7)]
  1189 | D:3      | HP: 5/35 [centaur/+0 trident (1)]
  1190 | D:3      | Slain by a centaur

Vanquished Creatures
  A gnoll (D:1)
  3 adders (D:3)
  An ooze (D:3)
  An adder zombie (D:3)
  2 worms (D:3)
  A dart slug (D:1)
  5 orcs (D:3)
  2 giant cockroaches (D:1)
  6 goblins (D:1 D:2 D:3)
  A hobgoblin (D:1)
  4 kobolds (D:1 D:2)
  A bat (D:3)
  2 frilled lizards (D:2)
  6 rats (D:1 D:2 D:3)
36 creatures vanquished.

Table legend:
 A = Turns spent in this place as a percentage of turns spent in the entire game.
 B = Non-inter-level travel turns spent in this place as a percentage of non-inter-level travel turns spent in the entire game.
 C = Inter-level travel turns spent in this place as a percentage of turns spent in this place.
 D = Turns resting spent in this place as a percentage of non-inter-level travel turns spent in this place.
 E = Turns spent auto-exploring this place as a percentage of non-inter-level travel turns spent in this place.
 F = Non-inter-level travel turns spent in this place divided by the number of levels of this place that you've seen.
                   A       B       C       D       E      F
               +-------+-------+-------+-------+-------+----------------------
         Total | 100.0 | 100.0 |   3.0 |   0.3 |  76.1 | 384.7
       Dungeon | 100.0 | 100.0 |   3.0 |   0.3 |  76.1 | 384.7
               +-------+-------+-------+-------+-------+----------------------

Table legend:
 A = Non-vault XP
 B = Vault XP
 C = Vault XP percentage of total XP
 D = Non-vault monster count
 E = Vault monster count
 F = Vault count percentage of total count
                 A         B        C        D         E       F
            +---------+---------+-------+---------+---------+-------
      Total |     130 |       0 |   0.0 |      36 |       0 |   0.0
            +---------+---------+-------+---------+---------+-------
        D:1 |      39 |       0 |   0.0 |      14 |       0 |   0.0
        D:2 |       9 |       0 |   0.0 |       7 |       0 |   0.0
        D:3 |      82 |       0 |   0.0 |      15 |       0 |   0.0
            +---------+---------+-------+---------+---------+-------
